 Dungeon Crawl Stone Soup version 0.23-a0-612-gcb482e9 (webtiles) character file.

175 Borgoz the Skirmisher (level 5, 0/44 (46) HPs)
             Began as a Ghoul Abyssal Knight on Dec 21, 2018.
             Was a Believer of Lugonu.
             Slain by an orc wizard
             ... wielding a +0 dagger
              (2 damage)
             ... on level 3 of the Dungeon.
             The game lasted 00:03:41 (2154 turns).

Borgoz the Skirmisher (Ghoul Abyssal Knight)        Turns: 2154, Time: 00:03:41

HP:   0/44 (46)     AC:  4    Str: 16    XL:     5   Next: 55%
MP:   6/6           EV: 12    Int:  7    God:    Lugonu [**....]
Gold: 134           SH:  0    Dex:  9    Spells: 4/4 levels left

rFire    . . .     SeeInvis .     - Unarmed
rCold    + . .     Gourm    .   (no shield)
rNeg     + + +     Faith    .   a - +0 leather armour
rPois    ∞         Spirit   .   (no helmet)
rElec    .         Reflect  .   (no cloak)
rCorr    .         Harm     .   (no gloves)
MR       .....                  e - +0 pair of boots
Stlth    +.........             (no amulet)
HPRegen  0.00/turn              (no ring)
MPRegen  0.10/turn              (no ring)

@: rotting
A: rotting body, claws 1, carnivore, cold resistance 1, negative energy
resistance 3, inhibited regeneration, torment resistance, unbreathing
a: Depart the Abyss, Bend Space, Renounce Religion


You were on level 3 of the Dungeon.
You worshipped Lugonu.
Lugonu was pleased with you.
You were not hungry.

You visited 1 branch of the dungeon, and saw 3 of its levels.
You visited the Abyss 1 time.

You collected 134 gold pieces.

Inventory:

Armour
 a - a +0 leather armour (worn)
 e - a +0 pair of boots (worn)
 n - a +2 large shield
Jewellery
 h - a cursed ring of attention {unknown}
 l - an uncursed ring of stealth {unknown}
Scrolls
 c - a scroll of amnesia
 d - a scroll of remove curse
 m - a scroll of teleportation {unknown}
 o - 2 scrolls of identify {unknown}
Potions
 g - a potion of berserk rage
 j - a potion of cancellation
Comestibles
 b - 7 rations


   Skills:
 + Level 4.2 Fighting
 + Level 2.6 Armour
 + Level 2.1 Dodging
 + Level 3.3 Unarmed Combat
 + Level 3.1 Invocations


You had 4 spell levels left.
You didn't know any spells.
Your spell library was empty.

Dungeon Overview and Level Annotations

Branches:
Dungeon (3/15)

Altars:


Innate Abilities, Weirdness & Mutations

Your body is rotting away.
You thrive on raw meat.
You are immune to poison.
You have sharp fingernails.
You are carnivorous and can eat meat at any time.
Your flesh is cold resistant. (rC+)
You are immune to negative energy. (rN+++)
You do not regenerate when monsters are visible.
You are immune to unholy pain and torment.
You can survive without breathing.


Message History

* * * LOW HITPOINT WARNING * * *
You closely miss something. Something hits you but does no damage.
The orc barely misses you.
As you read the scroll labeled ROWKAFETOQ, it crumbles to dust.
You feel blessed for a moment.
It was a scroll of remove curse.
Something hits you but does no damage.
The orc hits you from afar with a +0 trident.
* * * LOW HITPOINT WARNING * * *
You hear some strange, mumbled words.
A puff of frost appears from out of thin air!
The puff of frost hits you! You resist.
* * * LOW HITPOINT WARNING * * *
You closely miss something.
The orc hits you from afar with a +0 trident.
* * * LOW HITPOINT WARNING * * *
As you read the scroll labeled JIRGHI VANEY, it crumbles to dust.
It is a scroll of amnesia.
You feel forgetful for a moment. Something hits you but does no damage.
Something hits you.
You die...

#.#######.##
#..........##.#
#########.....#
##.###.# #..#
########.##
...(.....##
#######...#####.
#.{@.#.......
#o##.(.###### ..
##.## >.. #.#
... #.# .. #.# .
..# #.# #.#


You could see an orc.

Vanquished Creatures
  An ogre (D:2)
  A gnoll (D:1)
  2 adders (D:2)
  2 worms (D:2)
  4 dart slugs
  2 leopard geckos
  4 orcs (D:3)
  2 ball pythons
  3 giant cockroaches (D:1)
  3 goblins
  5 hobgoblins
  A quokka (D:2)
  7 bats
  2 frilled lizards (D:1)
  7 kobolds
  3 rats
49 creatures vanquished.

Notes
Turn   | Place    | Note
-------+----------+-------------------------------------------
     0 | Abyss:1  | Borgoz the Ghoul Abyssal Knight began the quest for the
                  | Orb.
     0 | Abyss:1  | Reached XP level 1. HP: 19/19 MP: 1/1
    54 | Abyss:1  | Noticed a large abomination
    77 | Abyss:1  | Noticed a starcursed mass
    78 | Abyss:1  | Noticed an iron imp
    83 | D:1      | Escaped the Abyss
    90 | D:1      | Reached * piety under Lugonu
    90 | D:1      | Reached skill level 1 in Dodging
   354 | D:1      | Reached XP level 2. HP: 23/26 MP: 2/2
   667 | D:1      | Reached XP level 3. HP: 27/31 MP: 3/3
  1060 | D:2      | Reached XP level 4. HP: 40/40 MP: 4/4
  1074 | D:2      | Reached ** piety under Lugonu
  1738 | D:2      | Noticed an ogre
  1748 | D:2      | Killed an ogre
  1748 | D:2      | Reached skill level 4 in Fighting
  1748 | D:2      | Reached XP level 5. HP: 7/46 MP: 6/6
  2153 | D:3      | HP: 2/44 [orc/+0 trident (1)]
  2154 | D:3      | Slain by an orc wizard

Vault maps used:
D:1:      dpeg_arrival_arbitrary_c
D:2:      first_ration, corexii_hall_statues_u, minivault_14,
          minmay_misc_feat_pillars
D:3:      cheibriados_altar_1, uniq_grinder

Skill      XL: |  1  2  3  4 |
---------------+-------------+-----
Dodging        | 1 2 |  2.1
Armour         | 2 |  2.6
Fighting       | 4 |  4.2
Unarmed Combat | 3 |  3.3
Invocations    | 3 |  3.1

Action                   |  1- 3 |  4- 6 || total
-------------------------+-------+-------++-------
Melee: Unarmed           |    78 |    86 ||   164
       Punch             |     1 |       ||     1
Invok: Depart the Abyss  |     1 |       ||     1
  Use: Potion            |     1 |     3 ||     4
       Scroll            |       |     2 ||     2
 Stab: Invisible         |       |     3 ||     3
  Eat: Chunk             |    10 |     2 ||    12
Armor: Leather armour    |    32 |    29 ||    61
Dodge: Dodged            |    27 |    60 ||    87

Table legend:
 A = Non-vault XP
 B = Vault XP
 C = Vault XP percentage of total XP
 D = Non-vault monster count
 E = Vault monster count
 F = Vault count percentage of total count
                 A         B        C        D         E       F
            +---------+---------+-------+---------+---------+-------
      Total |     251 |       0 |   0.0 |      49 |       0 |   0.0
            +---------+---------+-------+---------+---------+-------
        D:1 |      54 |       0 |   0.0 |      22 |       0 |   0.0
        D:2 |     178 |       0 |   0.0 |      19 |       0 |   0.0
        D:3 |      19 |       0 |   0.0 |       8 |       0 |   0.0
            +---------+---------+-------+---------+---------+-------
